 Dungeon Crawl Stone Soup version 0.19.0-11-g3fc08b3 (console) character file.

135 Kloppie the Slasher (level 5, 0/54 HPs)
             Began as a Halfling Berserker on Nov 8, 2016.
             Was a Believer of Trog.
             Slain by a gnoll
             ... wielding a +0 spear
              (3 damage)
             ... on level 3 of the Dungeon.
             The game lasted 00:02:32 (1744 turns).

Kloppie the Slasher (Halfling Berserker)            Turns: 1744, Time: 00:02:32

Health: 0/54       AC: 10    Str: 23    XL:     5   Next: 41%
Magic:  5/5        EV: 11    Int:  5    God:    Trog [**....]
Gold:   88         SH:  0    Dex: 15    Spells: 0 memorised, 4 levels left

rFire  . . .     SeeInvis .     a - +0 falchion
rCold  . . .     Gourm    .     o - +0 chain mail
rNeg   . . .     Faith    .     (shield restricted)
rPois  .         Spirit   .     (no helmet)
rElec  .         Reflect  .     (no cloak)
rCorr  .         Harm     .     d - +0 pair of gloves
MR     .....                    (no boots)
Stlth  ..........               (no amulet)
                                (no ring)
                                (no ring)

@: berserking (expiring), very quick
A: mutation resistance 1
a: Berserk, Trog's Hand, Burn Spellbooks, Renounce Religion


You were on level 3 of the Dungeon.
You worshipped Trog.
Trog was pleased with you.
You were hungry.

You visited 1 branch of the dungeon, and saw 3 of its levels.

You collected 88 gold pieces.

Inventory:

Hand Weapons
 a - a +0 falchion (weapon)
Armour
 d - a +0 pair of gloves (worn)
 o - a +0 chain mail (worn)
Jewellery
 l - an uncursed ring of magical power {unknown}
 s - an uncursed ring of protection from magic {unknown}
Scrolls
 e - 5 scrolls of identify {unknown}
 i - a scroll of fear {unknown}
 j - 2 scrolls of teleportation {unknown}
 p - 2 scrolls of remove curse {unknown}
 t - a scroll of immolation {unknown}
Potions
 b - a potion of degeneration {unknown}
 h - a potion of cure mutation {unknown}
 k - 2 potions of curing {unknown}
 m - a potion of brilliance {unknown}
 n - a potion of lignification {unknown}
 q - 3 potions of magic {unknown}
 r - 2 potions of heal wounds {unknown}
 u - a potion of might {unknown}
 v - a potion of resistance {unknown}
Comestibles
 c - 4 bread rations
 f - a meat ration
 g - 2 fruits


   Skills:
 - Level 3.3 Fighting
 + Level 4.4 Long Blades
 + Level 3.7 Armour
 - Level 2.1 Dodging


You had 4 spell levels left.
You didn't know any spells.

Dungeon Overview and Level Annotations

Branches:
Dungeon (3/15)

Altars:


Innate Abilities, Weirdness & Mutations

You are small and have problems with some larger weapons.
You are somewhat resistant to further mutation.


Message History

You hit the kobold.
You kill the kobold!
Trog accepts your kill.
You closely miss the orc. The orc closely misses you.
You riposte.
You slash the orc!
You kill the orc!
Trog accepts your kill. The gnoll barely misses you.
The gnoll closely misses you.
Your chain mail prevents you from hitting the gnoll.
The gnoll hits you from afar with a halberd.
* * * LOW HITPOINT WARNING * * *
The gnoll hits you but does no damage.
You hit the gnoll.
The gnoll is moderately wounded.
The gnoll closely misses you.
You slash the gnoll!
You kill the gnoll!
Trog accepts your kill.
The gnoll hits you from afar with a spear.
You die...

....##. ....... ### ...
...... .... ....###
..... ....# #........
...###
....###....#..###gg...#
........>.....##))....#
.... #.....##..[@##...#
....##.....##.>.......#
###........##.#....####
.##.##....>.....##.#
..#.........##### ...
.....#......# ###.
............# ..
#..(........# #
........##.....#


You could see 2 gnolls.

Vanquished Creatures
  An orc priest (D:3)
  A gnoll (D:3)
  3 adders
  An ooze (D:2)
  A dart slug (D:1)
  A leopard gecko (D:1)
  4 orcs (D:3)
  A ball python (D:1)
  8 bats
  A giant cockroach (D:2)
  5 hobgoblins
  4 kobolds
  2 quokkas
  4 frilled lizards
  12 goblins
  8 rats
57 creatures vanquished.

Notes
Turn   | Place    | Note
-------+----------+-------------------------------------------
     0 | D:1      | Kloppie the Halfling Berserker began the quest for the Orb.
     0 | D:1      | Reached XP level 1. HP: 15/15 MP: 1/1
   174 | D:1      | Reached XP level 2. HP: 19/20 MP: 2/2
   585 | D:1      | Reached XP level 3. HP: 26/26 MP: 3/3
   628 | D:2      | Reached ** piety under Trog
  1090 | D:2      | Reached XP level 4. HP: 29/31 MP: 4/4
  1097 | D:2      | Reached skill level 4 in Long Blades
  1738 | D:3      | Reached XP level 5. HP: 4/36 MP: 5/5
  1744 | D:3      | Slain by a gnoll

Skill      XL: |  1  2  3  4 |
---------------+-------------+-----
Fighting       | 3 |  3.3
Long Blades    | 4 |  4.4
Armour         | 3 |  3.7
Dodging        | |  2.1

Action                   |  1- 3 |  4- 6 || total
-------------------------+-------+-------++-------
Melee: Falchion          |    85 |    82 ||   167
Invok: Berserk           |       |     1 ||     1
  Eat: Chunk             |     1 |     2 ||     3
Armor: Animal skin       |     4 |       ||     4
       Chain mail        |    35 |    38 ||    73
Dodge: Dodged            |    65 |    49 ||   114
       Rpst.: Falchion   |    18 |    15 ||    33
